 Dungeon Crawl Stone Soup version 0.23.2-1-ga50397a (webtiles) character file.

Game seed: 8763567099052580019

29 Leeroy the Conjurer (level 3, 0/26 HPs)
             Began as a Draconian Conjurer on Apr 14, 2019.
             Slain by a bullfrog (4 damage)
             ... on level 2 of the Dungeon.
             The game lasted 00:03:05 (1344 turns).

Leeroy the Conjurer (Draconian Conjurer)            Turns: 1344, Time: 00:03:06

Health: 0/26       AC:  7    Str: 10    XL:     3   Next: 1%
Magic:  6/6        EV: 12    Int: 16    God:
Gold:   83         SH:  0    Dex: 11    Spells: 0/6 levels left

rFire    . . .     SeeInvis .   v - +0 short sword
rCold    . . .     Gourm    .   (no shield)
rNeg     . . .     Faith    .   (armour unavailable)
rPois    .         Spirit   .   (helmet restricted)
rElec    .         Reflect  .   (no cloak)
rCorr    .         Harm     .   l - +1 pair of gloves
MR       .....                  (no boots)
Stlth    ++........             (no amulet)
HPRegen  0.08/turn              (no ring)
MPRegen  0.10/turn              (no ring)

@: no status effects
A: unfitting armour, cold-blooded, AC +5
a: no special abilities


You were on level 2 of the Dungeon.
You were hungry.

You visited 1 branch of the dungeon, and saw 2 of its levels.

You collected 83 gold pieces.

Inventory:

Hand Weapons
 e - a +0 club
 f - a +0 dagger
 i - a +0 spear
 v - a +0 short sword (weapon)
Missiles
 q - 12 arrows
 s - 7 tomahawks (quivered)
Armour
 l - a +1 pair of gloves (worn)
Jewellery
 c - an uncursed ring of see invisible {unknown}
 g - a cursed -3 ring of strength {unknown}
 m - an uncursed amulet of regeneration {unknown}
 p - an uncursed ring of ice {unknown}
Scrolls
 a - 3 scrolls of identify {unknown}
 h - 2 scrolls of teleportation {unknown}
 j - 2 scrolls of remove curse {unknown}
 k - a scroll of blinking {unknown}
 t - a scroll of fog {unknown}
Potions
 d - a potion of lignification {unknown}
 n - 2 potions of haste {unknown}
 o - a potion of agility {unknown}
 r - 2 potions of flight {unknown}
 u - a potion of berserk rage {unknown}
Comestibles
 b - 6 rations


   Skills:
 - Level 1.7 Dodging
 - Level 1.7 Stealth
 - Level 2.0 Spellcasting
 + Level 5.0 Conjurations


You couldn't memorise any spells.
You knew the following spells:

 Your Spells              Type           Power        Failure   Level  Hunger
a - Magic Dart            Conj           ###.         2%          1    #......
b - Searing Ray           Conj           ###...       4%          2    ###....
c - Dazzling Spray        Conj/Hex       #.....       22%         3    ###....

Your spell library contained the following spells:

 Spells                   Type           Power        Failure   Level  Hunger
 Iskenderun's Mystic Bla  Conj           ###.....     26%         4    #####..
 Force Lance              Conj/Tloc      #.......     58%         4    #####..
 Fulminant Prism          Conj/Hex       #.........   58%         4    #####..


Dungeon Overview and Level Annotations

Branches:
Dungeon (2/15)

Altars:
Fedhas
Uskayaw


Innate Abilities, Weirdness & Mutations

Your plain brown scales are hard. (AC +5)
You cannot fit into any form of body armour.
You are cold-blooded and may be slowed by cold attacks.


Message History

The bullfrog hits you. x2
You completely miss the bullfrog.
The bullfrog is lightly wounded.
The bullfrog hits you.
The bullfrog hits you but does no damage.
You barely miss the bullfrog.
The bullfrog is lightly wounded.
The bullfrog hits you but does no damage.
You barely miss the bullfrog.
The bullfrog is lightly wounded.
The bullfrog hits you. The bullfrog closely misses you.
You closely miss the bullfrog.
The bullfrog is lightly wounded.
The bullfrog hits you.
* * * LOW HITPOINT WARNING * * *
The bullfrog completely misses you.
You hit the bullfrog.
The bullfrog is moderately wounded.
The bullfrog hits you.
You die...

####....#####.........>.........#
###### ###..#.#............#
##.#+#.............
#.................
#..........8.8.8..
#....###.......... #....#
#.......... ###....###..#.......
#..@.....##.#_).(...
##F##....##.#.......
#r##....##.........
#.##...(##.........
#........#....###.8.8.8..
#.rrF....#....# #.......#
.........#....# #########
.........#....# .........#


You could see a bullfrog and a rat.

Vanquished Creatures
  An adder (D:1)
  A worm (D:2)
  2 hobgoblins (D:1)
  2 bats
  A frilled lizard (D:2)
  6 goblins
  2 kobolds (D:1)
  A rat (D:2)
16 creatures vanquished.

Notes
Turn   | Place    | Note
-------+----------+-------------------------------------------
     0 | D:1      | Leeroy the Draconian Conjurer began the quest for the Orb.
     0 | D:1      | Reached XP level 1. HP: 14/14 MP: 3/3
   818 | D:2      | Reached XP level 2. HP: 19/20 MP: 3/5
  1058 | D:2      | Learned a level 2 spell: Searing Ray
  1146 | D:2      | Reached skill level 5 in Conjurations
  1150 | D:2      | Reached XP level 3. HP: 23/26 MP: 0/6
  1155 | D:2      | Learned a level 3 spell: Dazzling Spray
  1249 | D:2      | Found a blossoming altar of Fedhas.
  1291 | D:2      | Found a hide-covered altar of Uskayaw.
  1334 | D:2      | Noticed a bullfrog
  1344 | D:2      | Slain by a bullfrog

Skill      XL: |  1  2 |
---------------+-------+-----
Conjurations   | 5 |  5.0
Dodging        | |  1.7
Stealth        | |  1.7
Spellcasting   | |  2.0

Action                   || total
-------------------------++-------
Melee: Dagger            ||    21
       Spear             ||    58
       Unarmed           ||     9
       Tailslap          ||     4
       Short sword       ||     7
 Cast: Magic Dart        ||     7
       Searing Ray       ||     1
 Stab: Sleeping          ||     2
  Eat: Chunk             ||     1
Armor: Skin              ||    34
Dodge: Dodged            ||    57
